 Dungeon Crawl Stone Soup version 0.30-a0-696-g2367cd04db (webtiles) character file.

Game seed: 5631250864168729594

3117 pokeman the Thaumaturge (level 9, -13/48 HPs)
             Began as a Deep Elf Hedge Wizard on Jan 20, 2023.
             Was an Initiate of Vehumet.
             Mangled by a deep troll (15 damage)
             ... on level 7 of the Dungeon on Jan 21, 2023.
             The game lasted 00:12:09 (7256 turns).

pokeman the Thaumaturge (Deep Elf Hedge Wizard)     Turns: 7256, Time: 00:12:10

Health: -13/48     AC:  8    Str:  7    XL:     9   Next: 60%
Magic:  12/26      EV: 12    Int: 30    God:    Vehumet [......]
Gold:   488        SH:  0    Dex: 14    Spells: 20/31 levels left

rFire   + . .      SeeInvis .    b - +2 war axe (venom)
rCold   . . .      Faith    .    (no shield)
rNeg    . . .      Spirit   .    y - +2 leather armour "Vycwunn" {rF+}
rPois   .          Reflect  .    c - +1 helmet
rElec   .          Harm     .    A - +0 cloak
rCorr   +          Rampage  .    (no gloves)
Will    .....                    (no boots)
Stlth   ++                       (no amulet)
HPRegen 0.28/turn                l - ring of resist corrosion
MPRegen 0.20/turn                w - +6 ring of intelligence

@: no status effects
A: no striking features
a: Renounce Religion


You were on level 7 of the Dungeon.
You worshipped Vehumet.
Vehumet was noncommittal.
You visited 2 branches of the dungeon, and saw 8 of its levels.

You collected 488 gold pieces.

Inventory:

Hand Weapons
 b - a +2 war axe of venom (weapon)
 z - a +4 quarterstaff of chaos
Missiles
 s - a throwing net
Armour
 c - a +1 helmet (worn)
 y - the +2 leather armour "Vycwunn" (worn) {rF+}
   (You found it on level 6 of the Dungeon)

   rF:        It protects you from fire.
 A - a +0 cloak (worn)
 B - a +2 buckler
Magical Staves
 x - a staff of air
Jewellery
 l - a ring of resist corrosion (left hand)
 o - an amulet of guardian spirit
 w - a +6 ring of intelligence (right hand)
Wands
 D - a wand of roots (5)
Scrolls
 e - 4 scrolls of fear {unknown}
 f - a scroll of noise {unknown}
 h - 2 scrolls of vulnerability {unknown}
 i - 4 scrolls of poison {unknown}
 k - 4 scrolls of identify {unknown}
 m - 3 scrolls of teleportation {unknown}
 p - a scroll of silence {unknown}
 t - 2 scrolls of immolation {unknown}
 u - a scroll of magic mapping {unknown}
 v - a scroll of blinking {unknown}
 C - a scroll of fog {unknown}
Potions
 a - a potion of attraction {unknown}
 d - a potion of magic
 g - 3 potions of flight {unknown}
 j - 2 potions of mutation {unknown}
 n - a potion of haste {unknown}
 q - 2 potions of resistance {unknown}
 r - 3 potions of heal wounds {unknown}
 E - a potion of brilliance {unknown}


   Skills:
 - Level 2.0 Fighting
 - Level 3.0 Armour
 - Level 3.2 Dodging
 - Level 3.0 Stealth
 + Level 2.2 Shields
 * Level 11.9 Spellcasting
 + Level 6.6 Conjurations
 + Level 5.3 Summonings
 - Level 1.1 Translocations
 - Level 1.2 Air Magic
 - Level 2.0 Earth Magic
 - Level 1.1 Poison Magic
 - Level 1.2 Evocations


You had 20 spell levels left.
You knew the following spells:

 Your Spells              Type           Power      Damage    Failure   Level
a - Magic Dart            Conj           100%       1d8       1%          1
b - Mephitic Cloud        Conj/Pois/Air  35%        N/A       3%          3
c - Call Imp              Summ           49%        N/A       1%          2
d - Blink                 Tloc           48%        N/A       4%          2
e - Stone Arrow           Conj/Erth      86%        3d12      2%          3

Your spell library contained the following spells:

 Spells                   Type           Power      Damage    Failure   Level
 Sandblast                Erth           60%        2d14      1%          1
 Hailstorm                Conj/Ice       37%        3d9       3%          3
 Slow                     Hex            68%        N/A       4%          1
 Cigotuvi's Dreadful Rot  Necr/Pois/Air  44%        N/A       4%          2
 Passwall                 Tmut/Erth      19%        N/A       4%          2
 Ensorcelled Hibernation  Hex/Ice        34%        N/A       6%          2
 Spider Form              Tmut/Pois      21%        N/A       10%         3
 Tukima's Dance           Hex            17%        N/A       13%         3
 Passage of Golubria      Tloc           24%        N/A       26%         4
 Anguish                  Hex/Necr       8%         N/A       38%         4
 Ice Form                 Ice/Tmut       17%        N/A       38%         4
 Yara's Violent Unravell  Hex/Tmut       8%         3d5       75%         5
 Simulacrum               Ice/Necr       8%         N/A       100%        6


Dungeon Overview and Level Annotations

Branches:
Dungeon (7/15)             Temple (1/1) D:4

Altars:
Ashenzari
Cheibriados
Dithmenos
Elyvilon
Fedhas
Gozag
Hepliaklqana
Kikubaaqudgha
Makhleb
Nemelex Xobeh
Okawaru
Qazlal
Ru
Sif Muna
Trog
Vehumet
Wu Jian
Xom
Yredelemnul
Zin
The Shining One


Message History

Aiming: Mephitic Cloud (dangerous; 3% risk of failure)
Press: ? - help, Shift-Dir - straight line The ball explodes into a vile cloud!
The stinking cloud engulfs the deep troll but does no damage.
The deep troll is engulfed in noxious fumes.
The deep troll is engulfed in noxious fumes.
Casting: Mephitic Cloud (dangerous; 3% risk of failure)
Confirm with . or Enter, or press ? or * to list all spells.
Aiming: Stone Arrow (dangerous; 2% risk of failure)
Press: ? - help, Shift-Dir - straight line, f - deep troll
Aim: a deep troll (noxious fumes, 76% to hit)
The stone arrow hits the deep troll!
The deep troll is moderately wounded.
The deep troll is engulfed in noxious fumes.
Casting: Stone Arrow (dangerous; 2% risk of failure)
Confirm with . or Enter, or press ? or * to list all spells.
Aiming: Stone Arrow (dangerous; 2% risk of failure)
Press: ? - help, Shift-Dir - straight line, f/p - deep troll
Aim: a deep troll (moderately wounded, 76% to hit)
The stone arrow hits the deep troll.
The deep troll is moderately wounded.
Casting: Stone Arrow (dangerous; 2% risk of failure)
Confirm with . or Enter, or press ? or * to list all spells.
Aiming: Stone Arrow (dangerous; 2% risk of failure)
Press: ? - help, Shift-Dir - straight line, f/p - deep troll
Aim: a deep troll (moderately wounded, 76% to hit)
The stone arrow misses the deep troll.
The deep troll bites you! The deep troll claws you!
The deep troll claws you but does no damage.
Casting: Stone Arrow (dangerous; 2% risk of failure)
Confirm with . or Enter, or press ? or * to list all spells.
Aiming: Stone Arrow (dangerous; 2% risk of failure)
Press: ? - help, Shift-Dir - straight line, f/p - deep troll
Aim: a deep troll (moderately wounded, 76% to hit)
The stone arrow hits the deep troll!
The deep troll is severely wounded.
The deep troll bites you!!
* * * LOW HITPOINT WARNING * * *
The deep troll claws you!
You die...

...# #...## ...# .....
...###### ... #.......#
###°##+######
'.......#####...°........
#.......#...#.°°.........
#.......#...#............
#.......##'##...T........
#...............@........
#............####....####
#..^.........####....#
#............##......#
########.....##.#....#
+.....##.##...# #....##..
#### #...##... #...#...T


You could see a deep troll.

Vanquished Creatures
  2 deep trolls (D:7)
  Sigmund (D:6)
  Eustachio (D:5)
  A steam dragon (D:6)
  A water moccasin (D:7)
  A sky beast (D:7)
  3 ice beasts
  2 ogres
  A centaur (D:6)
  2 phantoms
  A bullfrog (D:4)
  A scorpion (D:4)
  2 howler monkeys
  2 hounds (D:6)
  4 orc priests
  Crazy Yiuf (D:6)
  2 iguanas
  2 jellies
  An orc wizard (D:5)
  Natasha (twice) (D:4)
  3 gnolls (D:4)
  9 adders
  A shadow imp (D:7)
  2 white imps (D:5)
  2 ufetubi (D:6)
  2 dart slugs
  9 orcs
  3 bats
  2 endoplasms (D:1)
  2 giant cockroaches (D:2)
  9 goblins
  6 hobgoblins
  6 jackals
  A kobold (D:1)
  3 quokkas
  3 ball pythons
  2 frilled lizards
  6 rats
104 creatures vanquished.

Vanquished Creatures (collateral kills)
  An orc (D:2)
1 creature vanquished.

Vanquished Creatures (others)
  4 toadstools (D:1)
4 creatures vanquished.

Grand Total: 109 creatures vanquished

Notes
Turn   | Place    | Note
-------+----------+-------------------------------------------
     0 | D:1      | pokeman the Deep Elf Hedge Wizard began the quest for the
                  | Orb.
     0 | D:1      | Reached XP level 1. HP: 10/10 MP: 7/7
   187 | D:1      | Reached XP level 2. HP: 15/15 MP: 5/9
   274 | D:1      | You fall into a shaft and drop 1 floor!
   306 | D:2      | Reached skill level 5 in Spellcasting
   538 | D:1      | Reached XP level 3. HP: 20/20 MP: 8/11
   542 | D:1      | Learned a level 3 spell: Mephitic Cloud
   545 | D:1      | Learned a level 2 spell: Call Imp
   548 | D:1      | Learned a level 2 spell: Blink
   906 | D:2      | Reached skill level 1 in Fighting
   906 | D:2      | Reached skill level 1 in Armour
  1053 | D:2      | Reached XP level 4. HP: 25/25 MP: 0/13
  1881 | D:3      | Found an ornate altar of the Wu Jian Council.
  1973 | D:3      | Reached skill level 6 in Spellcasting
  1973 | D:3      | Reached XP level 5. HP: 29/29 MP: 7/15
  2056 | D:3      | Found a broken altar of Ashenzari.
  2562 | D:4      | Found a stormy altar of Qazlal.
  2907 | D:4      | Learned a level 3 spell: Stone Arrow
  2955 | D:4      | Identified the +4 scale mail "Utzosisi" {Rampage Dex-4
                  | Stlth+}
  2976 | D:4      | Noticed Natasha
  2984 | D:4      | Reached skill level 1 in Poison Magic
  2984 | D:4      | Reached XP level 6. HP: 34/34 MP: 9/17
  2984 | D:4      | Killed Natasha
  3000 | D:4      | Reached skill level 7 in Spellcasting
  3000 | D:4      | Reached skill level 1 in Air Magic
  3143 | D:4      | Reached skill level 1 in Earth Magic
  3464 | D:4      | Found a staircase to the Ecumenical Temple.
  3474 | D:4      | Reached XP level 7. HP: 38/38 MP: 13/20
  3488 | Temple   | Entered the Ecumenical Temple
  3773 | D:4      | Found a sparkling altar of Nemelex Xobeh.
  3774 | D:4      | Found an ancient bone altar of Kikubaaqudgha.
  3774 | D:4      | Noticed Natasha
  3779 | D:4      | Killed Natasha
  3974 | D:5      | Entered Level 5 of the Dungeon
  4202 | D:5      | Noticed Eustachio
  4212 | D:5      | Killed Eustachio
  4213 | D:5      | Reached skill level 8 in Spellcasting
  5081 | D:6      | Reached XP level 8. HP: 35/44 MP: 5/22
  5215 | D:6      | Noticed Sigmund
  5218 | D:6      | Killed Sigmund
  5219 | D:6      | Reached skill level 9 in Spellcasting
  5570 | D:6      | Reached skill level 5 in Conjurations
  5778 | D:6      | Reached skill level 10 in Spellcasting
  5874 | D:6      | Identified the +2 leather armour "Vycwunn" {rF+}
  5957 | D:6      | Found a runed translucent door.
  5958 | D:6      | Noticed Crazy Yiuf
  5967 | D:6      | Killed Crazy Yiuf
  6684 | D:7      | Found a radiant altar of Vehumet.
  6690 | D:7      | Became a worshipper of Vehumet
  6798 | D:7      | Reached skill level 1 in Evocations
  6845 | D:7      | Found an opulent altar of Gozag.
  6888 | D:7      | Reached XP level 9. HP: 48/48 MP: 18/25
  7030 | D:7      | Noticed a deep troll
  7049 | D:7      | Killed a deep troll
  7050 | D:7      | Reached skill level 1 in Shields
  7050 | D:7      | Reached skill level 11 in Spellcasting
  7126 | D:7      | Noticed a deep troll
  7138 | D:7      | Killed a deep troll
  7139 | D:7      | Reached skill level 5 in Summonings
  7248 | D:7      | Noticed a deep troll
  7256 | D:7      | HP: 2/48 [deep troll (21)]
  7256 | D:7      | Mangled by a deep troll

Illustrated notes

Levels and vault maps discovered:
D:1:      ldierk_walled_garden_2, layout_rooms
D:2:      layout_basic, minmay_fountain_box, st_stairs_5,
          kennysheep_decorative_pillar
D:3:      layout_loops_cross, mainiacjoe_overflow_surrounded_room,
          old_standard_altar, nicolae_concentric_dashed_squares_wild
D:4:      layout_loops_ring, gammafunk_temple_overflow_statue,
          nicolae_qazlal_eye_of_the_storm, minmay_temple_entry_large_hall,
          nicolae_figureground_sparkle, uniq_natasha
D:5:      layout_loops_ring, uniq_eustachio
D:6:      layout_basic, minmay_misc_feat_tower, wad_floor_pattern_2,
          minivault_24, uniq_sigmund, uniq_crazy_yiuf_cottage
D:7:      layout_gridville, mainiacjoe_overflow_catwalk,
          nicolae_vehumet_altar_sigil,
          hellmonk_guarded_unrand_vitality_bloodlust
Temple:   eino_narrow_crystal_temple

Skill      XL: |  1  2  3  4  5  6  7  8  9 |
---------------+----------------------------+-----
Spellcasting   | 5 6 7 8 10 11 | 11.9
Fighting       | 1 2 |  2.0
Armour         | 1 3 |  3.0
Conjurations   | 2 3 4 5 6 |  6.6
Stealth        | 3 |  3.0
Dodging        | 3 |  3.2
Poison Magic   | 1 |  1.1
Air Magic      | 1 |  1.2
Earth Magic    | 1 2 |  2.0
Summonings     | 2 4 5 |  5.3
Evocations     | 1 |  1.2
Shields        | 2 |  2.2
Translocations | |  1.1

Action                   |  1- 3 |  4- 6 |  7- 9 || total
-------------------------+-------+-------+-------++-------
Melee: Dagger            |    23 |       |       ||    23
       Short sword       |       |    26 |    16 ||    42
       War axe           |       |       |     3 ||     3
 Cast: Magic Dart        |    53 |    85 |    32 ||   170
       Call Imp          |     1 |     1 |       ||     2
       Mephitic Cloud    |       |     3 |    10 ||    13
       Stone Arrow       |       |     9 |    70 ||    79
 Stab: Confused          |       |     1 |     1 ||     2
Armor: Robe              |     7 |    16 |       ||    23
       Leather armour    |       |       |    14 ||    14
Dodge: Dodged            |    11 |    22 |    30 ||    63

Table legend: (Time is in decaauts)
 A = Elapsed time spent in this place.
 B = Non-inter-level travel time spent in this place.
 C = Inter-level travel time spent in this place.
 D = Time resting spent in this place.
 E = Time spent auto-exploring this place.
 F = Levels seen in this place.
 G = Mean time per level.
                   A        B        C        D        E       F      G
               +--------+--------+--------+--------+--------+-----+--------+
         Total |   7239 |   7077 |    162 |    304 |   6002 |   8 |  904.9 |
       Dungeon |   6991 |   6841 |    150 |    304 |   5774 |   7 |  998.7 |
        Temple |    247 |    235 |     12 |      0 |    228 |   1 |  247.0 |
               +--------+--------+--------+--------+--------+-----+--------+

Top non-repeatable levels by time:
     D:6: 1501 daAuts
     D:4: 1173 daAuts
     D:5: 1058 daAuts
     D:2: 1027 daAuts
     D:3: 981 daAuts
     D:7: 717 daAuts
     D:1: 532 daAuts
  Temple: 247 daAuts
